Map: Ephemeron LE

Players

Seismic - Winner!

  • Race: Zerg Zerg
  • League: Gold
  • Spawn Location: 5:00

A.I. 1 (Very Easy)

  • Race: Terran Terran
  • Spawn Location: 11:00

VOD

Have the link to the VOD?

Description

Time

  • Played on: Dec. 30, 2019, 11:52 p.m.
  • Length: 10:52
Show
View Real Time Build Order
Export as new Build Order

Seismic Zerg - Winner!

Build Orders: Hatch First 

Get SALT Encoding   

  12  0:01  Drone  
  13  0:12  Overlord  
  13  0:17  Drone  
  14  0:30  Drone x2  
  16  0:35  Drone  
  17  0:55  Hatchery  
  17  0:56  Drone  
  17  1:00  Drone  
  18  1:13  Spawning Pool  
  18  1:16  Drone  
  18  1:20  Drone  
  19  1:28  Drone  
  20  1:34  Extractor  
  20  1:38  Drone  
  20  1:59  Drone  
  21  2:02  Overlord  
  21  2:07  Queen  
  21  2:08  Queen  
  25  2:11  Drone  
  25  2:13  Drone  
  27  2:19  Drone  
  27  2:22  Drone  
  29  2:29  Drone  
  30  2:32  Drone  
  31  2:40  Overlord  
  31  2:43  Drone  
  32  2:46  Lair, Queen  
  34  2:55  Drone x2  
  36  3:01  Drone  
  36  3:04  Drone  
  38  3:20  Drone x2  
  38  3:22  Drone  
  41  3:27  Hatchery  
  40  3:39  Roach Warren  
  39  3:41  Evolution Chamber  
  39  3:44  Drone x5  
  39  3:45  Overlord, Drone  
  44  3:53  Extractor  
  44  3:54  Extractor, Drone  
  43  3:56  Drone  
  43  4:02  Overlord  
  44  4:04  Drone x2  
  44  4:08  Drone x3  
  44  4:09  Drone  
  50  4:23  Zerg Missile Weapons Level 1  
  50  4:25  Glial Reconstitution  
  50  4:47  Roach x6  
  50  4:48  Roach x2  
  50  4:50  Overlord x2  
  50  4:51  Overlord  
  66  5:08  Queen  
  68  5:17  Drone x3  
  68  5:18  Drone x8  
  68  5:19  Drone x3  
  82  5:47  Extractor  
  82  5:48  Drone x2  
  82  5:49  Drone x2  
  85  5:50  Drone  
  85  5:51  Drone x4  
  85  5:53  Extractor  
  85  5:54  Overlord, Drone  
  85  5:56  Hatchery  
  89  6:04  Hatchery  
  89  6:07  Hydralisk Den  
  89  6:09  Evolution Chamber  
  86  6:24  Extractor  
  85  6:26  Drone x7  
  85  6:27  Overlord, Drone x4  
  85  6:28  Overlord  
  96  6:38  Zerg Ground Armor Level 1  
  96  6:55  Drone x2  
  96  6:56  Drone x7  
  105  7:31  Hydralisk x4  
  105  7:32  Hydralisk x7, Extractor  
  105  7:34  Overlord  
  105  7:35  Overlord x6  
  105  7:36  Overlord  
  126  7:47  Zerg Missile Weapons Level 2  
  126  7:50  Grooved Spines  
  126  7:52  Hydralisk x3  
  126  7:53  Hydralisk x7  
  126  7:54  Hydralisk  
  126  7:56  Hydralisk x2  
  126  7:58  Overlord  
  152  8:08  Hydralisk x5  
  152  8:09  Hydralisk  
  164  8:35  Hydralisk  
  164  8:36  Hydralisk x8  
  164  8:37  Hydralisk  
  164  8:40  Overlord  
  184  8:42  Overlord  
  184  8:56  Hydralisk x6  
  184  8:57  Hydralisk  
  184  8:58  Hydralisk  
  184  9:01  Muscular Augments  
  200  9:29  Infestation Pit  
Show
View Real Time Build Order
Export as new Build Order

A.I. 1 (Very Easy) Terran 

Build Orders: Reaper Expand 

Get SALT Encoding   

  12  0:00  SCV  
  13  0:13  SCV  
  14  0:18  Supply Depot  
  14  0:41  Barracks  
  14  1:03  Command Center  
  14  1:29  Orbital Command, Marine  
  15  1:33  Supply Depot  
  15  1:38  Refinery  
  15  1:51  Refinery  
  15  1:54  SCV  
  16  2:06  SCV  
  17  2:18  SCV, Reaper  
  17  2:20  SCV  
  20  2:30  SCV  
  20  2:34  SCV  
  22  2:42  SCV  
  23  2:45  Refinery  
  23  2:49  SCV  
  24  2:56  SCV  
  25  3:00  Marine  
  25  3:03  SCV  
  27  3:10  SCV  
  28  3:15  Factory  
  28  3:17  SCV  
  29  3:36  Refinery  
  29  3:38  SCV  
  30  3:41  Marine  
  30  3:46  SCV  
  32  3:52  Supply Depot  
  32  3:53  SCV  
  33  4:00  SCV  
  33  4:01  Starport  
  34  4:07  SCV  
  35  4:15  SCV  
  36  4:22  SCV  
  36  4:23  Reaper  
  38  4:29  SCV  
  39  4:33  Supply Depot  
  39  4:36  SCV  
  40  4:40  Starport Tech Lab  
  40  4:43  SCV  
  41  4:50  SCV  
  42  4:57  SCV  
  42  4:59  Raven  
  43  5:04  Marine  
  43  5:05  SCV  
  47  5:12  SCV  
  48  5:42  Raven  
  48  5:45  Marine  
  51  6:04  Barracks Tech Lab  
  51  6:27  Marauder  
  53  9:27  Marine  
  52  9:37  Raven  
  45  9:42  Supply Depot  
  45  9:44  SCV  
  43  9:56  Hellion  
  42  10:07  SCV, Supply Depot  
  26  10:19  SCV  
  17  10:32  SCV  
Tags
 
Add a new tag
Caveats
  • Supply blocks, unpowered buildings, or Contaminate may cause inaccurate times.
  • Supply counts are checked every 10 seconds.